 Dungeon Crawl Stone Soup version 0.27-b1-23-g44b8eac545 (webtiles) character file.

Game seed: 10014444259702716773

2 hawla the Sneak (level 1, -3/12 (13) HPs)
             Began as a Deep Elf Delver on July 27, 2021.
             Slain by a necrophage (4 damage)
             ... on level 4 of the Dungeon.
             The game lasted 00:01:02 (180 turns).

hawla the Sneak (Deep Elf Delver)                    Turns: 180, Time: 00:01:03

HP:   -3/12 (13)    AC:  3    Str:  9    XL:     1   Next: 33%
MP:   3/3           EV: 12    Int: 14    God:
Gold: 24            SH:  0    Dex: 16    Spells: 0/0 levels left

rFire    . . .     SeeInvis .   a - +0 short sword
rCold    . . .     Faith    .   (no shield)
rNeg     . . .     Spirit   .   b - +0 leather armour
rPois    .         Reflect  .   (no helmet)
rElec    .         Harm     .   (no cloak)
rCorr    .         Rampage  .   (no gloves)
Will     .....                  (no boots)
Stlth    +++.......             (no amulet)
HPRegen  0.04/turn              (no ring)
MPRegen  0.08/turn              (no ring)

@: drained
A: no striking features
a: no special abilities


You were on level 4 of the Dungeon.
You visited 1 branch of the dungeon, and saw 2 of its levels.

You collected 24 gold pieces.

Inventory:

Hand Weapons
 a - a +0 short sword (weapon)
Missiles
 h - 16 poisoned darts (quivered)
Armour
 b - a +0 leather armour (worn)
Wands
 g - a wand of digging (3)
Scrolls
 c - a scroll of fog
 d - a scroll of magic mapping
 e - a scroll of fear
 i - a scroll of noise {unknown}
Potions
 f - a potion of haste
 j - a potion of cancellation {unknown}


   Skills:
 + Level 2.4 Fighting
 - Level 2.0 Short Blades
 + Level 0.1 Throwing
 + Level 2.5 Dodging
 - Level 6.0 Stealth
 + Level 0.2 Spellcasting
 + Level 0.1 Evocations


You couldn't memorise any spells.
You didn't know any spells.
Your spell library was empty.

Dungeon Overview and Level Annotations

Branches:
Dungeon (5/15)
 Temple: D:4-7

Altars:

Annotations:
D:5 Eustachio, Pikel


Message History

An ogre and 2 lemures come into view.
There is a stone staircase leading up here.
You climb upwards.
There is a stone staircase leading down here.
A dart slug comes into view.
The helpless dart slug fails to defend itself.
You puncture the dart slug!
You kill the dart slug!
No target in view!
j - a bubbling sapphire potion
Found a stone staircase leading down.
There is a stone staircase leading down here.
Found 11 stones.
A necrophage comes into view.
You see here 11 stones.
The helpless necrophage fails to defend itself.
You puncture the necrophage!
The necrophage is heavily damaged.
The necrophage hits you.
You feel drained.
You hit the necrophage.
The necrophage is severely damaged.
The necrophage hits you but does no damage.
You barely miss the necrophage.
The necrophage is heavily damaged.
The necrophage misses you.
You closely miss the necrophage.
The necrophage is heavily damaged.
The necrophage hits you.
You completely miss the necrophage.
The necrophage is heavily damaged.
The necrophage hits you but does no damage.
You hit the necrophage but do no damage.
The necrophage is heavily damaged.
The necrophage hits you.
Ouch! That really hurt!
* * * LOW HITPOINT WARNING * * *
You hit the necrophage but do no damage.
The necrophage is heavily damaged.
The necrophage hits you.
You die...

.####.# ### >...#.#
##.## .##.#.###...##
#### .##.#.##.....#
#.. ......###...####.#
###............#.#####
# ########.###.(.....#
# #.# ###.###.# ####
#+# #@# ...# #n# ...#
#.. ...# #### ...###
.....+ ..#### .## ..#


You could see a necrophage.

Vanquished Creatures
  A dart slug (D:4)
1 creature vanquished.

Notes
Turn   | Place    | Note
-------+----------+-------------------------------------------
     0 | D:5      | hawla the Deep Elf Delver began the quest for the Orb.
     0 | D:5      | Reached XP level 1. HP: 13/13 MP: 3/3
    77 | D:5      | Noticed Eustachio
    77 | D:5      | Noticed Pikel
    77 | D:5      | Noticed a lemure
    78 | D:5      | Noticed a lemure
    78 | D:5      | Noticed a lemure
    78 | D:5      | Noticed an ogre
   171 | D:4      | Noticed a necrophage
   180 | D:4      | Slain by a necrophage

Illustrated notes

Levels and vault maps discovered:
D:4:      layout_loops_corners, lemuel_tele_altar, serial_shops, shop,
          uniq_crazy_yiuf_cottage, uniq_ijyb, uniq_menkaure
D:5:      minmay_angry_zag, layout_basic, lemuel_doored_altar, uniq_edmund,
          uniq_eustachio, uniq_pikel, uniq_sigmund

Action                   || total
-------------------------++-------
Melee: Short sword       ||     8
 Stab: Sleeping          ||     2
Armor: Leather armour    ||     2
Dodge: Dodged            ||     1
